 Dungeon Crawl Stone Soup version 0.31-a0-234-gad7ace16ef (webtiles) character file.

Game seed: 1362542714242666003

2735625 EnegeticOcto the Worldbinder (level 25, 236/236 HPs)
             Began as a White Draconian Reaver on July 10, 2023.
             Was the Champion of Jiyva.
             Escaped with the Orb
             ... and 4 runes!
             The game lasted 02:24:45 (53233 turns).

EnegeticOcto the Worldbinder (DrRe)                Turns: 53233, Time: 02:24:45

Health: 236/236    AC: 18    Str: 18 (19) XL:     25   Next: 79%
Magic:  46/46      EV: 17    Int: 26      God:    Jiyva [******]
Gold:   1063       SH: 31    Dex: 18      Spells: 7/62 levels left

rFire   + + +        v - +0 flail of Inconvenience {flame, rPois rC- Int+6 Dex+2}
rCold   + + .        Z - +10 tower shield of Ignorance {rN+ Int-4}
rNeg    + . .        (body armour unavailable)
rPois   +            (helmet restricted)
rElec   .            e - scarf {rC+ rF+}
rCorr   +            X - +2 pair of gloves {Stlth+}
SInv    .            E - +2 pair of boots {rampage}
Will    ++...        f - amulet of Vitality {RegenMP++ Regen++}
Stlth   +            u - ring "Giozehuuf" {rF+ rC+ Will+ Str+3 Stlth-}
HPRegen 3.79/turn    l - ring of wizardry
MPRegen 1.60/turn

%: clarity, rampage, wizardry (x1)
@: on dragon call cooldown, studying Polearms
A: breathe frost, AC +12, unfitting armour, cold resistance 1, cold-blooded,
antennae 2, hooves 1, stinger 1, agile 2, clarity, clever 1, fire resistance 1,
poison resistance, eyeballs 2, translucent skin 2, tendrils, jelly sensing
items, MP-powered wands, noise suppression
0: Orb of Zot
}: 4/15 runes: decaying, slimy, silver, gossamer
a: Breathe Frost, Renounce Religion, Oozemancy, Slimify


You escaped.
You worshipped Jiyva.
Jiyva was exalted by your worship.
You visited 11 branches of the dungeon, and saw 53 of its levels.
You visited the Abyss 1 time.
You visited 1 bazaar.
You also visited: Trove, Bailey and Ice Cave.

You collected 6563 gold pieces.
You spent 5500 gold pieces at shops.

Inventory:

Hand Weapons
 v - the +0 flail of Inconvenience (weapon) {flame, rPois rC- Int+6 Dex+2}
   (You bought it in a shop in a bazaar)

   Int:       It affects your intelligence (+6).
   Dex:       It affects your dexterity (+2).
   rC:        It makes you vulnerable to cold.
   rPois:     It protects you from poison.
 T - the +8 sling "Ycannoar" {flame, *Corrode rF+ Will++}
   (You found it on level 1 of the Lair of Beasts)

   rF:        It protects you from fire.
   *Corrode:  It may corrode you when you take damage.
   Will:      It greatly increases your willpower.
Missiles
 b - 7 curare-tipped darts
 S - a throwing net {!f}
Armour
 e - a scarf of resistance (worn)
   (You found it on level 4 of the Spider Nest)
 E - a +2 pair of boots of rampaging (worn)
   (You found it on level 11 of the Dungeon)
 X - a +2 pair of gloves of stealth (worn)
   (You found it on level 5 of the Vaults)
 Y - a +2 hat of stealth
   (You bought it in a shop on level 2 of the Orcish Mines)
 Z - the +10 tower shield of Ignorance (worn) {rN+ Int-4}
   (You bought it in a shop on level 2 of the Orcish Mines)

   Int:       It affects your intelligence (-4).
   rN:        It protects you from negative energy.
Jewellery
 f - the amulet of Vitality (around neck) {RegenMP++ Regen++}
   (You found it on level 5 of the Pits of Slime)

   [amulet of magic regeneration]

   It increases your rate of magic regeneration.
   Regen:     It increases your rate of health regeneration.
 l - a ring of wizardry (right hand)
   (You found it on level 1 of the Spider Nest)
 q - the ring of Siul {rF+ MP+9 Int+6 Slay+3}
   (You took it off a deep elf death mage on level 3 of the Elven Halls)

   [ring of intelligence]

   Int:       It affects your intelligence (+6).
   Slay:      It affects your accuracy & damage with ranged weapons and melee
   (+3).
   rF:        It protects you from fire.
   MP:        It affects your magic capacity (+9).
 u - the ring "Giozehuuf" (left hand) {rF+ rC+ Will+ Str+3 Stlth-}
   (You found it on level 5 of the Pits of Slime)

   [ring of protection from cold]

   Str:       It affects your strength (+3).
   rF:        It protects you from fire.
   rC:        It protects you from cold.
   Will:      It increases your willpower.
   Stlth:     It makes you less stealthy.
Wands
 n - a wand of polymorph (11)
   (You found it on level 14 of the Dungeon)
 p - a wand of charming (35)
   (You found it on level 10 of the Dungeon)
 s - a wand of flame (59) {@v4}
   (You found it on level 3 of the Dungeon)
 y - a wand of roots (27) {@v2}
   (You found it on level 4 of the Dungeon)
 J - a wand of mindburst (8)
   (You found it on level 1 of the Elven Halls)
 M - a wand of digging (10) {@v3}
   (You found it on level 9 of the Dungeon)
 Q - a wand of quicksilver (13) {@v1}
   (You took it off an orc priest on level 9 of the Dungeon)
Scrolls
 c - 10 scrolls of teleportation {@r3 !r}
 h - 8 scrolls of poison
 j - 8 scrolls of vulnerability
 o - 9 scrolls of fog {!r}
 r - a scroll of revelation {@r5 !r}
 x - 2 scrolls of butterflies
 z - 3 scrolls of torment
 C - 5 scrolls of fear {!r}
 K - 6 scrolls of enchant armour
 N - a scroll of silence {!r}
 O - 2 scrolls of immolation
 V - 3 scrolls of blinking {@r4}
Potions
 a - 7 potions of lignification {@q6}
 d - 5 potions of mutation
 g - a potion of berserk rage
 i - a potion of haste {@q4 !q}
 m - 3 potions of heal wounds {@q2 !q}
 A - 3 potions of brilliance
 B - a potion of resistance
 D - a potion of magic
 F - 7 potions of cancellation
 G - 4 potions of ambrosia
 H - a potion of enlightenment
 L - 9 potions of might {@q3 !q}
 P - 2 potions of invisibility
 R - 9 potions of curing {@q1 !q}
 W - 6 potions of attraction
Miscellaneous
 k - a phantom mirror
   (You found it on level 3 of the Spider Nest)
 t - a lightning rod (4/4)
   (You found it on level 3 of the Vaults)
 w - a box of beasts
   (You found it on level 5 of the Vaults)
 I - a condenser vane
   (You found it on level 3 of the Swamp)
 U - a phial of floods
   (You found it on level 3 of the Lair of Beasts)


   Skills:
 + Level 21.4 Fighting
 - Level 3.0 Long Blades
 - Level 12.0 Staves
 - Level 10.0 Dodging
 - Level 2.0 Stealth
 - Level 18.0 Shields
 + Level 19.1 Spellcasting
 - Level 4.0 Conjurations
 - Level 24.0 Summonings
 - Level 3.0 Translocations
 - Level 10.0 Transmutations
 - Level 10.0 Ice Magic
 - Level 10.0 Earth Magic
 - Level 10.0 Evocations


You had 7 spell levels left.
You knew the following spells:

 Your Spells              Type           Power      Damage    Failure   Level
a - Kiss of Death         Conj/Necr      100%       2d13      1%          1
b - Dragon's Call         Summ           49%        N/A       9%          9
c - Statue Form           Tmut/Erth      44%        N/A       4%          6
d - Monstrous Menagerie   Summ           49%        N/A       1%          7
e - Summon Mana Viper     Hex/Summ       72%        N/A       1%          5
f - Summon Horrible Thin  Summ           49%        N/A       1%          8
g - Malign Gateway        Summ/Tloc      38%        N/A       6%          7
h - Lee's Rapid Deconstr  Erth           33%        3d17*     1%          5
p - Passwall              Tmut/Erth      55%        N/A       1%          2
z - Irradiate             Conj/Tmut      28%        3d21      2%          5

Your spell library contained the following spells:

 Spells                   Type           Power      Damage    Failure   Level
 Call Canine Familiar     Summ           99%        N/A       0%          3
 Beastly Appendage        Tmut           100%       N/A       1%          1
 Foxfire                  Conj/Fire      100%       2x1d9     1%          1
 Freeze                   Ice            100%       1d10      1%          1
 Necrotise                Necr           96%        1d8       1%          1
 Shock                    Conj/Air       100%       1d9       1%          1
 Slow                     Hex            96%        N/A       1%          1
 Lesser Beckoning         Tloc           80%        N/A       1%          2
 Momentum Strike          Conj/Tloc      86%        3d10      1%          2
 Searing Ray              Conj           90%        2d7       1%          2
 Gell's Gravitas          Tloc           40%        N/A       1%          3
 Hailstorm                Conj/Ice       57%        3d12      1%          3
 Ignite Poison            Fire/Tmut/Pois 42%        N/A       1%          3
 Ozocubu's Armour         Ice            67%        N/A       1%          3
 Spider Form              Tmut/Pois      50%        N/A       1%          3
 Stone Arrow              Conj/Erth      100%       3d13      1%          3
 Summon Guardian Golem    Hex/Summ       72%        N/A       1%          3
 Teleport Other           Tloc           40%        N/A       1%          3
 Ice Form                 Ice/Tmut       67%        N/A       1%          4
 Summon Ice Beast         Ice/Summ       85%        N/A       1%          4
 Poisonous Vapours        Pois/Air       48%        N/A       2%          2
 Mephitic Cloud           Conj/Pois/Air  31%        N/A       2%          3
 Portal Projectile        Hex/Tloc       64%        N/A       2%          3
 Vhi's Electric Charge    Tloc/Air       64%        N/A       2%          3
 Leda's Liquefaction      Hex/Erth       25%        N/A       2%          4
 Tukima's Dance           Hex            24%        N/A       4%          3
 Vampiric Draining        Necr           24%        2d7       4%          3
 Passage of Golubria      Tloc           40%        N/A       4%          4
 Spellforged Servitor     Conj/Summ      39%        N/A       4%          7
 Alistair's Intoxication  Tmut/Pois      33%        N/A       6%          5
 Borgnjor's Vile Clutch   Necr/Erth      25%        N/A       6%          5
 Metabolic Englaciation   Hex/Ice        25%        N/A       6%          5
 Yara's Violent Unravell  Hex/Tmut       25%        3d11      6%          5
 Freezing Cloud           Conj/Ice/Air   24%        6-21      7%          5
 Sticky Flame             Conj/Fire      35%        2d5       8%          4
 Iskenderun's Battlesphe  Conj           45%        2d10      9%          5
 Leda's Unmaking          Conj/Erth      28%        9d5       14%         6
 Cause Fear               Hex            12%        N/A       16%         4
 Olgreb's Toxic Radiance  Pois           24%        N/A       16%         4
 Arcjolt                  Conj/Air       17%        1d27      21%         5
 Fireball                 Conj/Fire      17%        3d9       21%         5
 Dragon Form              Tmut           33%        N/A       22%         7
 Simulacrum               Ice/Necr       25%        N/A       32%         6
 Agony                    Necr           24%        N/A       41%         5
 Conjure Ball Lightning   Conj/Air       17%        3x3d6     69%         6
 Starburst                Conj/Fire      17%        6d6       69%         6
 Plasma Beam              Fire/Air       12%        2x1d23    91%         6
 Orb of Destruction       Conj           22%        9d8       92%         7
 Ignition                 Fire           12%        3d6       100%        8


Dungeon Overview and Level Annotations

Branches:
Dungeon (15/15)            Temple (1/1) D:7            Lair (5/5) D:10
  Swamp (4/4) Lair:3       Spider (4/4) Lair:3        Slime (5/5) Lair:5
    Orc (2/2) D:9             Elf (3/3) Orc:2        Vaults (5/5) D:13
  Crypt (0/3) Vaults:3     Depths (4/4) D:15            Zot (5/5) Depths:4
 Bailey (visited)           IceCv (visited)

Altars:
Ashenzari
Cheibriados
Dithmenos
Elyvilon
Fedhas
Gozag
Hepliaklqana
Kikubaaqudgha
Makhleb
Nemelex Xobeh
Okawaru
Qazlal
Ru
Sif Muna
Trog
Uskayaw
Vehumet
Wu Jian
Xom
Yredelemnul
Zin
The Shining One
Jiyva

Shops:
Orc:1 ?   Orc:2 [=*!   Elf:2 [   Vaults:1 ?=:?(*(

Portals:
Hell: Depths:1 Depths:2 Depths:3 Depths:4
Abyss: Depths:1 Depths:3
Pandemonium: Depths:2 Depths:3
Ziggurat: Depths:1

Annotations:
Spider:3 2 transporters, Doitsug's ghost, adept KoAr
Slime:5 Royal Jelly
Elf:2 3 runed translucent doors, exclusion: door


Innate Abilities, Weirdness & Mutations

You can breathe waves of freezing cold which knock back foes.
Your icy white scales are hard. (AC +12)
You cannot fit into any form of body armour.
Your flesh is cold resistant. (rC+)
You are cold-blooded and may be slowed by cold attacks.
You have a pair of antennae on your head.
You have large cloven feet.
Your tail ends in a venomous barb.
You are very agile. (Dex +8, Str/Int -2)
You possess an exceptional clarity of mind.
Your mind is acute. (Int +4, Str/Dex -1)
Your flesh is heat resistant. (rF+)
Your system is resistant to poisons. (rPois)
Your body has grown many eyes which may confuse attackers. (Acc +5)
Your translucent skin reduces your foes' accuracy. (Stealth+)
You are covered in slimy tendrils that may disarm your opponents.
You have a small jelly attached to you that senses nearby items.
You expend magic power (3 MP) to strengthen your wands.
You passively dampen the noise of your surroundings.


Message History

Your ice dragon misses the Orb Guardian.
Your ice dragon tramples the Orb Guardian!
The Orb Guardian holds its ground!
Your golden dragon bites the Orb Guardian!
The Orb Guardian dies!
An iron imp, a balrug and an orange demon come into view.
The balrug is wielding a +1 demon whip of electrocution.
A dragon arrives to answer your call!
The iron imp shouts!
The balrug shouts!
Your fire dragon bites the balrug.
Your fire dragon claws the balrug!
Your fire dragon tramples the balrug!
The balrug holds its ground!
The orange demon moves out of view.
The balrug gestures at you. Something smites you!
Your fire dragon bites the balrug but does no damage.
Your fire dragon barely misses the balrug.
Your fire dragon closely misses the balrug.
A dragon arrives to answer your call!
Your storm dragon bites the Ice Fiend!
Your storm dragon claws the Ice Fiend but does no damage.
Your storm dragon tramples the Ice Fiend but does no damage.
Your golden dragon bites the Ice Fiend but does no damage.
Your golden dragon claws the Ice Fiend!
Your golden dragon closely misses the Ice Fiend.
Your storm dragon breathes lightning at the Ice Fiend.
The bolt of lightning hits the Ice Fiend!!
The Ice Fiend claws your storm dragon but does no damage. x2
Your ice dragon convulses!
Your golden dragon convulses!
Your storm dragon convulses!
The sticky flame hits your golden dragon.
Your golden dragon resists.
Your golden dragon is covered in liquid flames!
Your golden dragon burns!
There is a stone staircase leading up here.
Your golden dragon disappears in a puff of smoke!
You climb upwards.
There is a stone staircase leading down here.
(D) Dungeon (T) Temple (L) Lair (S) Swamp (N) Spider Nest (M) Slime Pits (O) Orcish Mines (E) Elven Halls (V) Vaults (C) Crypt (U) Depths (H) Hell (Z) Zot
Where to? (Enter - D:1 @ (x,y), ? - help)
The roar of the dragon horde subsides.
(D) Dungeon (T) Temple (L) Lair (S) Swamp (N) Spider Nest (M) Slime Pits (O) Orcish Mines (E) Elven Halls (V) Vaults (C) Crypt (U) Depths (H) Hell (Z) Zot
Where to? (Enter - D:1 @ (x,y), ? - help)
There is a stone staircase leading up here.
You climb upwards.
You can once more reach out to the dragon horde.
There is a stone staircase leading down here.
There is a stone staircase leading up here.
You climb upwards.
There is a stone staircase leading down here.
There is a stone staircase leading up here.
You climb upwards.
There is a stone staircase leading down here.
There is a stone staircase leading up here.
You climb upwards.
There is a stone staircase leading down here.
A green death comes into view.
Unknown command.
Casting: Dragon's Call (dangerous; 9% risk of failure)
Confirm with . or Enter, or press ? or * to list all spells.
You call out to the draconic realm, and the dragon horde roars back!
A dragon arrives to answer your call!
Your storm dragon bites the green death.
Your storm dragon barely misses the green death.
Your storm dragon tramples the green death.
The green death holds its ground!
A dragon arrives to answer your call!
Your storm dragon breathes lightning at the green death.
The bolt of lightning hits the green death!!!
The green death gestures at your storm dragon.
The bolt of poison misses your storm dragon.
Your golden dragon breathes fire at the green death.
The bolt of fire hits the green death!!!
The green death dies!
(D) Dungeon (T) Temple (L) Lair (S) Swamp (N) Spider Nest (M) Slime Pits (O) Orcish Mines (E) Elven Halls (V) Vaults (C) Crypt (U) Depths (H) Hell (Z) Zot
Where to? (Enter - D:1 @ (x,y), ? - help)
You swap places.
You swap places.
Magic restored.
Things that are here:
a +0 robe; a +0 club
There is a stone staircase leading up here.
You climb upwards.
Your summoned ally is left behind.
There is a stone staircase leading down here.
There is a stone staircase leading up here.
You climb upwards.
There is a stone staircase leading down here.
There is an open door here.
There is a staircase leading out of the dungeon here.
Unknown command.
Unknown command.
The roar of the dragon horde subsides.
You have escaped!

.##).#..##........# #..# #.......
....##.####.......###..# #.......
..)....................########..
....................>............
.###.####................#######.
####..###......##'#'##...## #.
...............#.....#.[..#######
########.......#.....+...........
# #........#@)8..#........#..
#........#.....+..........#
#.#......#.....#....###...#
###.#......##+#+##.........†#
#........................#...
#.........................##.
#####...........##...............
#...................)............
..########.........#.............


There were no monsters in sight!

Vanquished Creatures
  2 golden dragons
  An Ice Fiend (IceCv)
  A quicksilver dragon (Zot:1)
  A tentacled starspawn (Abyss:3)
  A deep elf blademaster (Elf:3)
  A tengu reaver (Vaults:2)
  2 fire giants
  2 frost giants
  2 deep elf sorcerers (Elf:3)
  3 ghost moths
  2 emperor scorpions
  2 vault wardens (Vaults:2)
  2 deep elf elementalists (Elf:3)
  A draconian shifter (Zot:1)
  A draconian stormcaller (Depths:4)
  An orc warlord (Orc:1)
  2 ironbound preservers
  A stone giant (Depths:2)
  2 war gargoyles
  13 very ugly things
  2 ironbound thunderhulks
  A green draconian (Zot:1)
  Azrael (D:15)
  A deep elf demonologist (Elf:3)
  4 black draconians (Zot:1)
  3 white draconians (Zot:1)
  4 deep elf annihilators (Elf:3)
  A spark wasp (Spider:4)
  3 dire elephants
  2 red draconians (Zot:1)
  A crystal guardian (Vaults:1)
  2 deep elf death magi (Elf:3)
  An entropy weaver (Spider:4)
  3 yaktaur captains
  2 catoblepae (Lair:5)
  9 hydras
  A caustic shrike simulacrum (IceCv)
  2 peacekeepers
  An ogre mage (Abyss:3)
  A jorogumo (Spider:1)
  2 ironbound frosthearts (Vaults:1)
  2 boulder beetles
  3 anacondas (Lair:3)
  4 two-headed ogres
  8 dancing weapons
  A tengu warrior (D:11)
  An alligator (Swamp:2)
  5 centaur warriors
  4 deep troll earth magi
  10 death yaks
  2 thrashing horrors (Elf:3)
  4 deep elf knights
  A demonic crawler (Spider:2)
  4 orc high priests
  3 skysharks
  An iron troll (Depths:3)
  A skeletal warrior (D:15)
  A goliath frog (Swamp:1)
  A shadow wraith (Abyss:3)
  A pharaoh ant (Spider:4)
  6 deep trolls
  A flayed ghost (Depths:3)
  A swamp dragon (Swamp:4)
  2 bog bodies
  4 ironbound convokers
  4 deep elf archers
  An orb spider (Spider:4)
  6 spriggan simulacra (IceCv)
  4 orc knights (Orc:2)
  7 deep elf zephyrmancers
  2 steelbarb worms
  A necromancer (D:15)
  A lindwurm (Vaults:1)
  6 wolf spiders
  11 deep elf pyromancers
  4 manticores
  4 orc sorcerers
  5 cyclopes
  10 ugly things
  7 elephants
  4 black mambas
  7 vault sentinels
  A smoke demon (Abyss:3)
  5 cane toads
  A naga mage (D:15)
  2 torpor snails
  A gargoyle (D:14)
  5 rime drakes
  Maggie (D:7)
  8 komodo dragons
  3 yaktaurs (Vaults:1)
  A freezing wraith (Vaults:3)
  2 ice devils (IceCv)
  A golden dragon simulacrum (IceCv)
  3 ancient zymes (Abyss:3)
  A tengu conjurer (Depths:2)
  2 tyrant leeches
  2 meliai
  3 trolls
  7 tarantellas
  3 polar bears
  5 hornets
  5 blink frogs
  19 jumping spiders
  4 wyverns
  5 culicivoras
  3 wraiths
  2 vampires (D:12)
  A shadow (D:10)
  A small abomination (Abyss:3)
  4 steam dragons
  7 basilisks
  2 fire bats (Abyss:3)
  51 yaks
  4 minotaur simulacra (IceCv)
  A human (Vaults:1)
  8 redbacks
  4 vampire mosquitoes
  2 chaos spawn (Abyss:3)
  A hydra simulacrum (IceCv)
  3 swamp worms
  3 wargs (D:9)
  15 water moccasins
  A harpy simulacrum (IceCv)
  8 nameless horrors
  2 hell hounds (D:15)
  33 orc warriors
  2 sky beasts (D:8)
  A swamp drake (Swamp:4)
  3 ice beasts
  7 black bears
  6 ogres
  A tengu (shapeshifter) (D:13)
  4 centaurs (D:14)
  22 wolves
  A phantom (D:6)
  2 kobold brigands (D:8)
  14 bullfrogs
  4 deep troll simulacra (IceCv)
  3 gnoll sergeants
  A necrophage (D:4)
  6 scorpions
  2 wights (D:4)
  3 killer bees (Lair:3)
  9 electric eels
  4 vampire bats (D:5)
  A howler monkey (D:11)
  A centaur zombie (D:4)
  2 human zombies
  2 hounds (D:5)
  16 orc priests
  13 jellies
  A gnoll bouda (D:9)
  Jessica (D:3)
  8 iguanas
  A scorpion zombie (D:4)
  17 orc wizards
  A sleepcap (D:7)
  A hell rat (Lair:3)
  3 mummies (D:4)
  A howler monkey zombie (D:4)
  11 river rats (D:6)
  6 adders
  17 gnolls
  A shadow imp (D:7)
  A white imp (D:8)
  2 adder zombies (D:4)
  2 worms (D:5)
  88 orcs
  8 endoplasms
  5 giant cockroaches
  17 goblins
  8 hobgoblins
  4 jackals
  16 kobolds
  8 quokkas
  5 ball pythons
  8 bats
  3 frilled lizards
  21 rats
  2 starspawn tentacles (Abyss:3)
888 creatures vanquished.

Vanquished Creatures (collateral kills)
  3 dread liches
  3 ancient liches
  3 orbs of fire
  A juggernaut (Depths:1)
  Josephina (Depths:4)
  Sojobo (Vaults:3)
  Boris (Depths:4)
  A shard shrike (Zot:1)
  3 Killer Klowns (Zot:5)
  A curse toe (Zot:4)
  the Enchantress (Depths:4)
  9 golden dragons
  A bone dragon (Depths:4)
  4 electric golems
  A Tzitzimitl (D:14)
  Jorgrun (Orc:2)
  A lich (Depths:1)
  10 tentacled monstrosities
  A deep elf master archer (Elf:3)
  24 Orb Guardians
  6 quicksilver dragons
  5 sphinxes
  2 death cobs
  3 tentacled starspawn (Abyss:3)
  An eldritch tentacle (Zot:5)
  6 shadow dragons
  11 storm dragons
  10 tengu reavers
  A draconian knight (Zot:1)
  4 draconian monks (Zot:1)
  3 emperor scorpions
  A daeva (Zot:2)
  A fenstrider witch (Swamp:4)
  13 vault wardens
  6 fire giants
  3 ghost moths (Spider:4)
  10 frost giants
  3 deep elf sorcerers
  Louise (Elf:1)
  An iron dragon (Depths:4)
  4 draconian shifters
  A juggernaut zombie (Depths:2)
  3 orc warlords
  An angel (Depths:1)
  4 draconian scorchers
  2 balrugs
  3 deep elf elementalists (Elf:3)
  3 draconian stormcallers
  2 broodmothers
  4 spriggan defenders (Depths:4)
  2 draconian annihilators (Zot:1)
  19 stone giants
  14 ironbound preservers
  4 ironbound thunderhulks
  35 very ugly things
  6 war gargoyles
  7 deep elf annihilators
  3 vampire knights
  9 green draconians
  8 black draconians
  15 white draconians
  10 yellow draconians
  4 deep elf demonologists
  8 purple draconians
  8 dire elephants
  11 red draconians
  3 bunyips
  9 spark wasps
  A crystal guardian (Vaults:3)
  7 ettins
  2 deep elf death magi (Elf:2)
  4 entropy weavers
  A green death (D:3)
  13 yaktaur captains
  A merfolk impaler (Depths:2)
  6 fire dragons
  3 deep elf high priests
  27 vault guards
  2 shambling mangroves
  11 hydras
  8 ice dragons
  3 caustic shrike simulacra
  5 spriggan air magi
  A rakshasa (Depths:3)
  A hell beast (Depths:4)
  3 peacekeepers
  A juggernaut simulacrum (Depths:2)
  4 centaur warriors (Vaults:1)
  An ogre mage (Vaults:5)
  4 ironbound frosthearts
  A two-headed ogre (Vaults:4)
  A jorogumo (Spider:1)
  17 alligators
  A catoblepas (Lair:5)
  3 radroaches
  A ghost crab (Swamp:4)
  5 tengu warriors
  6 boulder beetles
  16 dancing weapons
  8 deep troll shamans
  4 demonic crawlers
  A vampire mage (Vaults:3)
  10 deep troll earth magi
  A thrashing horror (Abyss:3)
  3 hell hogs (D:9)
  4 spriggan berserkers
  2 orc high priests (Vaults:4)
  3 deep elf knights
  A titan zombie (Depths:2)
  2 pharaoh ants
  A skyshark (shapeshifter) (Elf:3)
  A sixfirhy (D:12)
  2 soul eaters
  2 skeletal warriors (D:15)
  18 iron trolls
  54 deep trolls
  4 goliath frogs
  A shadow wraith (Abyss:3)
  2 spriggan druids
  A flayed ghost (Vaults:5)
  5 bog bodies
  12 orb spiders
  A shadow demon (D:15)
  8 spriggan simulacra
  A wizard (Vaults:2)
  13 orc knights
  11 swamp dragons
  6 lindwurms
  13 ironbound convokers
  An obsidian statue (IceCv)
  17 deep elf archers
  5 steelbarb worms
  18 deep elf pyromancers
  20 deep elf zephyrmancers
  A tengu zombie (Depths:2)
  19 wolf spiders
  A harpy (Vaults:1)
  A phantasmal warrior (Vaults:5)
  An oklob plant (D:15)
  21 ugly things
  2 necromancers (Depths:2)
  A glowing shapeshifter (Depths:2)
  3 will-o-the-wisps
  An orc sorcerer (D:15)
  An elephant (Lair:5)
  A black mamba (shapeshifter) (Elf:2)
  A centaur zombie (D:15)
  18 moths of wrath
  A guardian serpent (shapeshifter) (Elf:1)
  2 naga magi (D:15)
  A stone giant skeleton (Depths:2)
  A black mamba (Lair:3)
  12 vault sentinels
  4 smoke demons
  Joseph (D:10)
  2 orange demons (D:12)
  A cane toad (Lair:4)
  A hellion (Abyss:3)
  2 centaur skeletons (D:15)
  3 torpor snails
  18 yaktaurs
  An anaconda simulacrum (IceCv)
  3 rime drakes
  An efreet (Abyss:3)
  4 freezing wraiths
  2 ice devils (IceCv)
  2 tengu conjurers
  2 ancient zymes (Abyss:3)
  2 meliai (Spider:3)
  7 tyrant leeches
  A red devil (D:14)
  9 hornets
  14 nameless horrors
  4 raiju (Abyss:3)
  20 tarantellas
  A stone giant simulacrum (Depths:2)
  2 blink frogs (Lair:3)
  14 culicivoras
  2 large abominations (Abyss:3)
  23 jumping spiders
  An air elemental (Elf:1)
  6 water elementals
  A vampire (D:14)
  8 spriggans
  2 dire elephant simulacra (IceCv)
  A basilisk (Lair:5)
  11 yaks
  38 redbacks
  A fire elemental (D:15)
  2 humans (Vaults:1)
  A wraith (D:11)
  15 vampire mosquitoes
  An acid dragon (shapeshifter) (Elf:1)
  2 harpy simulacra (IceCv)
  3 minotaur simulacra (IceCv)
  13 swamp worms
  A warg (D:9)
  3 small abominations (Abyss:3)
  A human skeleton (Depths:2)
  8 swamp drakes
  A water moccasin (Lair:5)
  A black bear (Lair:3)
  2 hell hounds (D:15)
  A meliai simulacrum (D:15)
  15 orc warriors
  A glowing shapeshifter skeleton (Depths:2)
  An ettin simulacrum (IceCv)
  A boggart (D:13)
  2 ogres (Orc:2)
  2 wolves (Lair:5)
  A centaur (D:14)
  3 bullfrogs
  2 earth elementals (Elf:1)
  4 deep troll simulacra (IceCv)
  2 lindwurm simulacra (IceCv)
  3 killer bees (Lair:3)
  An electric eel (Spider:2)
  A crimson imp (Abyss:3)
  4 iron imps (Abyss:3)
  7 jellies
  9 orc priests
  An orc wizard (Orc:2)
  A boggart skeleton (D:15)
  A shadow imp (Abyss:3)
  A white imp (Abyss:3)
  8 orcs
  A starspawn tentacle (Abyss:3)
1211 creatures vanquished.

Vanquished Creatures (others)
  the Lernaean hydra (Swamp:4)
  2 acid blobs
  A deep elf master archer (Elf:3)
  4 eldritch tentacles
  An azure jelly (Elf:3)
  A draconian scorcher (Zot:2)
  12 great orbs of eyes
  A deep elf demonologist (Abyss:3)
  A white draconian (Zot:1)
  A dire elephant (Vaults:1)
  A yaktaur captain (Vaults:3)
  A vault guard (Vaults:1)
  A hydra (shapeshifter) (Zot:2)
  A caustic shrike simulacrum (Depths:4)
  An anaconda (shapeshifter) (Vaults:5)
  A dancing weapon (Elf:1)
  3 deep elf knights
  A glowing orange brain (Vaults:3)
  2 sea snakes (shapeshifter)
  A spriggan simulacrum (IceCv)
  3 ironbound convokers
  A wizard (Vaults:4)
  An orc knight (Vaults:4)
  3 vault sentinels
  A torpor snail (shapeshifter) (Vaults:5)
  4 yaktaurs
  A bloated husk (Swamp:1)
  14 slime creatures
  A water elemental (Depths:3)
  A spriggan (shapeshifter) (Vaults:5)
  A redback (Spider:3)
  3 floating eyes
  A swamp drake (Swamp:4)
  231 jellies
  An orc wizard (Orc:2)
  2 orcs (D:9)
  20 foxfires
  8 starspawn tentacles (Abyss:3)
335 creatures vanquished.

Grand Total: 2434 creatures vanquished

Notes
Turn   | Place    | Note
-------+----------+-------------------------------------------
     0 | D:1      | EnegeticOcto the Draconian Reaver began the quest for the
                  | Orb.
     0 | D:1      | Reached XP level 1. HP: 17/17 MP: 3/3
    86 | D:1      | Reached skill level 1 in Stealth
   230 | D:1      | Reached XP level 2. HP: 22/22 MP: 5/5
   267 | D:1      | Reached skill level 2 in Stealth
   270 | D:1      | Learned a level 2 spell: Momentum Strike
   370 | D:1      | Reached skill level 1 in Translocations
   593 | D:1      | Reached XP level 3. HP: 29/29 MP: 3/6
   841 | D:2      | Reached skill level 2 in Translocations
  1538 | D:3      | Noticed Jessica
  1546 | D:3      | Killed Jessica
  1547 | D:3      | Reached skill level 3 in Translocations
  1547 | D:3      | Reached XP level 4. HP: 37/37 MP: 7/7
  1589 | D:3      | Learned a level 3 spell: Hailstorm
  2049 | D:3      | Found an opulent altar of Gozag.
  2121 | D:4      | Noticed a scorpion
  2371 | D:4      | Reached skill level 1 in Ice Magic
  2388 | D:4      | Reached skill level 3 in Fighting
  2525 | D:4      | Killed a scorpion
  2526 | D:4      | Reached XP level 5. HP: 32/45 MP: 8/8
  2637 | D:4      | Found a snail-covered altar of Cheibriados.
  2709 | D:4      | Reached skill level 2 in Ice Magic
  2795 | D:4      | Reached skill level 4 in Fighting
  3012 | D:4      | Reached XP level 6. HP: 49/52 MP: 2/9
  3201 | D:4      | Reached skill level 3 in Ice Magic
  3286 | D:4      | Reached skill level 5 in Fighting
  3286 | D:4      | Reached skill level 4 in Ice Magic
  3298 | D:4      | Your scales start taking on an icy white colour.
  3298 | D:4      | Reached XP level 7. HP: 42/61 MP: 6/10
  3298 | D:4      | Gained mutation: Your flesh is cold resistant. (rC+) [White
                  | Draconian growth]
  3433 | D:4      | Found a basalt altar of Yredelemnul.
  3635 | D:5      | Entered Level 5 of the Dungeon
  3756 | D:5      | Reached skill level 5 in Ice Magic
  3756 | D:5      | Reached skill level 1 in Evocations
  3759 | D:5      | Reached skill level 4 in Conjurations
  3860 | D:5      | Got the Exposition on Beckoning and Transition
  3929 | D:5      | Reached skill level 2 in Evocations
  3969 | D:5      | Reached skill level 6 in Ice Magic
  4000 | D:5      | Reached skill level 3 in Evocations
  4006 | D:5      | Reached XP level 8. HP: 68/68 MP: 11/11
  4199 | D:5      | Reached skill level 7 in Ice Magic
  4199 | D:5      | Reached skill level 4 in Evocations
  4471 | D:6      | Reached skill level 1 in Staves
  4471 | D:6      | Reached skill level 1 in Shields
  4800 | D:6      | Reached skill level 2 in Staves
  4807 | D:6      | Reached skill level 2 in Shields
  4821 | D:6      | Reached skill level 8 in Ice Magic
  5092 | D:6      | Reached skill level 3 in Staves
  5122 | D:6      | Reached skill level 3 in Shields
  5319 | D:6      | Reached XP level 9. HP: 37/74 MP: 12/12
  5920 | D:7      | Noticed Maggie
  5929 | D:7      | Killed Maggie
  5942 | D:7      | Reached skill level 4 in Staves
  5942 | D:7      | Reached skill level 9 in Ice Magic
  6001 | D:7      | Reached skill level 4 in Shields
  6162 | D:7      | Found a staircase to the Ecumenical Temple.
  6167 | Temple   | Entered the Ecumenical Temple
  6728 | D:8      | Reached skill level 5 in Staves
  6861 | D:8      | Reached skill level 10 in Ice Magic
  6863 | D:8      | Reached skill level 6 in Staves
  7168 | D:8      | Reached skill level 6 in Fighting
  7168 | D:8      | Reached skill level 5 in Shields
  7367 | D:8      | Reached XP level 10. HP: 82/83 MP: 13/13
  7738 | D:8      | Gained mutation: Your spells are a little harder to cast,
                  | but a little more powerful. [potion of mutation]
  7738 | D:8      | Gained mutation: You have a beak for a mouth. [potion of
                  | mutation]
  7738 | D:8      | Gained mutation: You have hidden genetic potential. [potion
                  | of mutation]
  7765 | D:9      | Noticed a two-headed ogre
  7903 | D:9      | Found a staircase to the Orcish Mines.
  8097 | D:9      | Reached skill level 7 in Fighting
  8097 | D:9      | Reached skill level 6 in Shields
  8152 | D:9      | Reached skill level 8 in Fighting
  8489 | D:9      | Killed a two-headed ogre
  8812 | D:9      | Found a hazy altar of Hepliaklqana.
  8846 | D:9      | Got the Atlas of Vitriolic Nightshade
  9239 | D:10     | Entered Level 10 of the Dungeon
  9239 | D:10     | Noticed a two-headed ogre
  9246 | D:10     | Killed a two-headed ogre
  9247 | D:10     | Reached skill level 7 in Staves
  9247 | D:10     | Reached skill level 7 in Shields
  9247 | D:10     | Reached skill level 5 in Evocations
  9295 | D:10     | Noticed Joseph
  9418 | D:10     | Found a flagged portal.
  9437 | Bailey   | Entered a bailey
 10423 | Bailey   | Reached XP level 11. HP: 94/94 MP: 14/14
 10438 | Bailey   | Gained mutation: Your flesh is very cold resistant. (rC++)
                  | [hidden potential]
 10537 | Bailey   | Acquired 1106 gold pieces
 10538 | Bailey   | Acquired 762 gold pieces
 10552 | Bailey   | Reached skill level 6 in Evocations
 10555 | Bailey   | Noticed an orc sorcerer
 10558 | Bailey   | Noticed an orc high priest
 10569 | Bailey   | Killed an orc high priest
 10702 | Bailey   | Identified the +0 leather armour "Aguungong" {Rampage rElec
                  | Str+3 Int-4}
 10783 | Bailey   | Killed an orc sorcerer
 10784 | Bailey   | Reached skill level 8 in Staves
 10784 | Bailey   | Reached skill level 8 in Shields
 10923 | Bailey   | Found an iron altar of Okawaru.
 10957 | Bailey   | Got Oxusuh's Codex of the Curse
 11150 | D:10     | Found a shadowy altar of Dithmenos.
 11418 | D:10     | Found a staircase to the Lair.
 11523 | D:10     | Noticed a two-headed ogre
 11528 | D:10     | Killed a two-headed ogre
 11618 | D:10     | Found a sparkling altar of Nemelex Xobeh.
 11756 | Lair:1   | Entered Level 1 of the Lair of Beasts
 11777 | Lair:1   | Reached skill level 9 in Staves
 11777 | Lair:1   | Reached skill level 9 in Shields
 11992 | Lair:1   | Noticed a six-headed hydra
 11999 | Lair:1   | Killed a six-headed hydra
 12320 | Lair:1   | Reached skill level 10 in Staves
 12320 | Lair:1   | Reached skill level 10 in Shields
 12499 | Lair:1   | Identified the +8 sling "Ycannoar" {flame, *Corrode rF+
                  | Will++}
 13447 | Lair:2   | Reached XP level 12. HP: 64/101 MP: 15/15
 13455 | Lair:2   | Gained mutation: Your spells are harder to cast, but more
                  | powerful. [hidden potential]
 13455 | Lair:2   | Lost mutation: You have hidden genetic potential. [hidden
                  | potential expressed]
 13823 | Lair:2   | Reached skill level 11 in Staves
 14789 | Lair:2   | Reached skill level 12 in Staves
 14870 | Lair:2   | Reached skill level 2 in Dodging
 15070 | Lair:2   | Learned a level 4 spell: Summon Ice Beast
 15166 | Lair:2   | Reached skill level 3 in Dodging
 15171 | Lair:2   | Reached skill level 1 in Summonings
 15350 | Lair:2   | Noticed a five-headed hydra
 15364 | Lair:2   | Killed a five-headed hydra
 15365 | Lair:2   | Reached skill level 9 in Fighting
 15365 | Lair:2   | Reached skill level 2 in Summonings
 15440 | Lair:2   | Noticed a boulder beetle
 15455 | Lair:2   | Killed a boulder beetle
 15456 | Lair:2   | Reached skill level 4 in Dodging
 15456 | Lair:2   | Reached skill level 3 in Summonings
 15652 | Lair:2   | Lost mutation: You have a beak for a mouth. [potion of
                  | mutation]
 15652 | Lair:2   | Lost mutation: Your spells are harder to cast, but more
                  | powerful. [potion of mutation]
 15652 | Lair:2   | Gained mutation: You have large cloven feet. [potion of
                  | mutation]
 15652 | Lair:2   | Gained mutation: You have a beak for a mouth. [potion of
                  | mutation]
 15994 | Lair:2   | Found a basalt altar of Yredelemnul.
 16878 | Lair:3   | Noticed an eight-headed hydra
 16883 | Lair:3   | Reached skill level 4 in Summonings
 16884 | Lair:3   | Killed an eight-headed hydra
 16905 | Lair:3   | Reached skill level 10 in Fighting
 17120 | Lair:3   | Found a hole to the Spider Nest.
 17230 | Lair:3   | Reached skill level 5 in Summonings
 17252 | Lair:3   | Reached XP level 13. HP: 58/99 MP: 16/16
 17519 | Lair:3   | Reached skill level 6 in Summonings
 17571 | Lair:3   | Reached skill level 7 in Summonings
 17962 | Lair:3   | Found a staircase to the Swamp.
 18099 | Lair:3   | Reached skill level 8 in Summonings
 18463 | Lair:3   | Noticed a dire elephant
 18640 | Lair:3   | Killed a dire elephant
 18641 | Lair:3   | Reached skill level 9 in Summonings
 19238 | Lair:4   | Identified the +2 falchion of Res Judicata {spect, rPois
                  | Will+ Int+3}
 19426 | Lair:4   | Reached skill level 10 in Summonings
 20334 | Lair:5   | Entered Level 5 of the Lair of Beasts
 20337 | Lair:5   | Reached skill level 11 in Summonings
 20617 | Lair:5   | Reached skill level 12 in Summonings
 20930 | Lair:5   | Reached XP level 14. HP: 119/121 MP: 17/17
 20964 | Lair:5   | Found a viscous altar of Jiyva.
 20981 | Lair:5   | Found a staircase to the Slime Pits.
 20989 | Lair:5   | Became a worshipper of Jiyva Juahasm the Shapeless
 21149 | Lair:5   | Reached skill level 13 in Summonings
 21459 | Lair:5   | Reached * piety under Jiyva
 21913 | Lair:5   | Reached skill level 14 in Summonings
 22022 | Lair:5   | Identified the +5 plate armour of Ohousash {rF+ rN+ MP+9}
 22367 | D:10     | Killed Joseph
 22440 | Orc:1    | Entered Level 1 of the Orcish Mines
 22442 | Orc:1    | Noticed an orc warlord
 22666 | D:11     | Reached ** piety under Jiyva
 23098 | D:11     | Reached skill level 3 in Spellcasting
 23177 | D:11     | Learned a level 7 spell: Monstrous Menagerie
 23225 | D:12     | Reached skill level 4 in Spellcasting
 23384 | D:12     | Reached *** piety under Jiyva
 23396 | D:12     | Lost mutation: Your spells are a little harder to cast, but
                  | a little more powerful. [Jiyva's grace]
 23396 | D:12     | Gained mutation: Your natural rate of healing is unusually
                  | fast. [Jiyva's grace]
 23396 | D:12     | Gained mutation: You heal very quickly. [Jiyva's grace]
 23396 | D:12     | Gained mutation: You regenerate. [Jiyva's grace]
 23396 | D:12     | Gained mutation: Your muscles are strong. (Str +4, Int/Dex
                  | -1) [Jiyva's grace]
 23694 | D:12     | Reached skill level 5 in Spellcasting
 24128 | D:13     | Reached **** piety under Jiyva
 24189 | D:13     | Reached skill level 6 in Spellcasting
 24685 | D:13     | Found a gate to the Vaults.
 24901 | Orc:1    | Killed an orc warlord
 24902 | Orc:1    | Reached skill level 7 in Spellcasting
 24971 | Orc:1    | Found Totips's Magic Scroll Emporium.
 24981 | Orc:1    | Bought a scroll of teleportation for 42 gold pieces
 24981 | Orc:1    | Bought a scroll of teleportation for 42 gold pieces
 24981 | Orc:1    | Bought a scroll of teleportation for 42 gold pieces
 24981 | Orc:1    | Bought a scroll of identify for 28 gold pieces
 25199 | Orc:1    | You fall into a shaft and drop 1 floor!
 25199 | Orc:2    | Entered Level 2 of the Orcish Mines
 25412 | Orc:2    | Reached skill level 15 in Summonings
 25421 | Orc:2    | Reached XP level 15. HP: 126/126 MP: 9/25
 25490 | Orc:2    | Noticed Jorgrun
 25515 | Orc:2    | Killed Jorgrun
 25544 | Orc:2    | Found a staircase to the Elven Halls.
 25617 | Orc:2    | Gained mutation: You have a small jelly attached to you
                  | that may absorb projectiles. [Jiyva's grace]
 25617 | Orc:2    | Gained mutation: Your mind is acute. (Int +4, Str/Dex -1)
                  | [Jiyva's grace]
 25617 | Orc:2    | Gained mutation: Your mind is very acute. (Int +8, Str/Dex
                  | -2) [Jiyva's grace]
 25617 | Orc:2    | Gained mutation: Armour fits poorly on your pseudopods.
                  | [Jiyva's grace]
 25876 | Orc:2    | Found Teblarun's Jewellery Shoppe.
 25876 | Orc:2    | Found Caxtoad's Antique Armour Shop.
 25880 | Orc:2    | Found Domi's Distillery.
 25880 | Orc:2    | Found Zodaxt's General Store.
 25890 | Orc:2    | Bought 2 potions of haste for 260 gold pieces
 25890 | Orc:2    | Bought a potion of haste for 130 gold pieces
 25890 | Orc:2    | Bought a potion of heal wounds for 65 gold pieces
 25890 | Orc:2    | Bought a potion of attraction for 39 gold pieces
 25890 | Orc:2    | Bought a potion of curing for 39 gold pieces
 25890 | Orc:2    | Bought a potion of curing for 39 gold pieces
 25890 | Orc:2    | Bought a potion of curing for 39 gold pieces
 25890 | Orc:2    | Bought a potion of curing for 39 gold pieces
 25890 | Orc:2    | Bought a potion of cancellation for 104 gold pieces
 25891 | Orc:2    | Bought a scroll of immolation for 48 gold pieces
 25894 | Orc:2    | Bought a runed hat for 224 gold pieces
 25899 | Orc:2    | Bought the +10 tower shield of Ignorance {rN+ Int-4} for
                  | 1833 gold pieces
 25899 | Orc:2    | Found the +10 tower shield of Ignorance {rN+ Int-4}
 26252 | D:12     | Identified the +0 scale mail of the Kangaroo {Str+4 Slay+2}
 26740 | D:14     | Found a portal to a secret trove of treasure.
 26748 | D:14     | Reached ***** piety under Jiyva
 27153 | D:15     | Entered Level 15 of the Dungeon
 27241 | D:15     | Noticed Azrael
 27247 | D:15     | Reached skill level 16 in Summonings
 27270 | D:15     | Killed Azrael
 27387 | D:15     | Found a blossoming altar of Fedhas.
 27474 | D:15     | Learned a level 5 spell: Summon Mana Viper
 27611 | D:15     | Found a white marble altar of Elyvilon.
 27612 | D:15     | Found a glowing silver altar of Zin.
 27614 | D:15     | Found a glowing golden altar of the Shining One.
 27798 | D:15     | Reached skill level 17 in Summonings
 27904 | D:15     | Found a staircase to the Depths.
 28432 | Swamp:1  | Entered Level 1 of the Swamp
 28595 | Swamp:1  | Paralysed by a hornet for 3 turns
 28619 | Swamp:1  | Reached skill level 18 in Summonings
 28655 | Swamp:1  | Reached skill level 1 in Transmutations
 28655 | Swamp:1  | Reached skill level 1 in Earth Magic
 28993 | Swamp:2  | Lost mutation: You have a beak for a mouth. [Jiyva's grace]
 28993 | Swamp:2  | Lost mutation: You regenerate. [Jiyva's grace]
 28993 | Swamp:2  | Gained mutation: Your system is resistant to poisons.
                  | (rPois) [Jiyva's grace]
 28993 | Swamp:2  | Gained mutation: Your tail ends in a venomous barb.
                  | [Jiyva's grace]
 28993 | Swamp:2  | Gained mutation: Your tail ends in a sharp venomous barb.
                  | [Jiyva's grace]
 28993 | Swamp:2  | Gained mutation: Your tail ends in a wickedly sharp and
                  | venomous barb. [Jiyva's grace]
 29033 | Swamp:2  | Reached skill level 2 in Transmutations
 29033 | Swamp:2  | Reached skill level 2 in Earth Magic
 29162 | Swamp:2  | Reached skill level 3 in Earth Magic
 29162 | Swamp:2  | Reached XP level 16. HP: 135/135 MP: 26/26
 29169 | Swamp:2  | Reached skill level 3 in Transmutations
 29696 | Swamp:3  | Reached skill level 11 in Fighting
 29696 | Swamp:3  | Reached skill level 4 in Transmutations
 29696 | Swamp:3  | Reached skill level 4 in Earth Magic
 29992 | Swamp:4  | Entered Level 4 of the Swamp
 30016 | Swamp:4  | Reached ****** piety under Jiyva
 30178 | Swamp:4  | Reached skill level 5 in Transmutations
 30178 | Swamp:4  | Reached skill level 5 in Earth Magic
 30658 | Swamp:4  | Reached skill level 6 in Transmutations
 30658 | Swamp:4  | Reached skill level 6 in Earth Magic
 30662 | Swamp:4  | Reached skill level 12 in Fighting
 30784 | Swamp:4  | Noticed the 27-headed Lernaean hydra
 30816 | Swamp:4  | Killed the 27-headed Lernaean hydra
 30899 | Swamp:4  | Got a decaying rune of Zot
 31056 | Spider:1 | Entered Level 1 of the Spider Nest
 31080 | Spider:1 | Reached skill level 7 in Transmutations
 31080 | Spider:1 | Reached skill level 7 in Earth Magic
 31220 | Spider:1 | Learned a level 6 spell: Statue Form
 31375 | Spider:1 | Lost mutation: Your tail ends in a wickedly sharp and
                  | venomous barb. [Jiyva's grace]
 31375 | Spider:1 | Lost mutation: You heal very quickly. [Jiyva's grace]
 31375 | Spider:1 | Lost mutation: Your natural rate of healing is unusually
                  | fast. [Jiyva's grace]
 31375 | Spider:1 | Lost mutation: Armour fits poorly on your pseudopods.
                  | [Jiyva's grace]
 31375 | Spider:1 | Lost mutation: You have a small jelly attached to you that
                  | may absorb projectiles. [Jiyva's grace]
 31375 | Spider:1 | Gained mutation: You passively dampen the noise of your
                  | surroundings. [Jiyva's grace]
 31375 | Spider:1 | Gained mutation: You have supernaturally acute eyesight.
                  | (SInv) [Jiyva's grace]
 31375 | Spider:1 | Gained mutation: Your rubbery body absorbs attacks. (AC +1,
                  | EV +1) [Jiyva's grace]
 31375 | Spider:1 | Gained mutation: Your pliable body absorbs attacks. (AC +2,
                  | EV +2) [Jiyva's grace]
 31765 | Spider:1 | Reached XP level 17. HP: 131/148 MP: 27/27
 31870 | Spider:2 | Reached skill level 13 in Fighting
 32083 | Spider:2 | Reached skill level 8 in Transmutations
 32083 | Spider:2 | Reached skill level 8 in Earth Magic
 32211 | Spider:2 | Reached skill level 8 in Spellcasting
 32694 | Spider:3 | Found the +4 skin of Zhor {*Englaciate rC+++ SInv}
 32694 | Spider:3 | Found a transporter.
 32707 | Spider:3 | Found a transporter.
 32724 | Spider:3 | Learned a level 8 spell: Summon Horrible Things
 32858 | Spider:3 | Reached skill level 9 in Earth Magic
 32859 | Spider:3 | Reached skill level 9 in Transmutations
 33054 | Spider:3 | Lost mutation: Your tail ends in a sharp venomous barb.
                  | [Jiyva's grace]
 33054 | Spider:3 | Lost mutation: Your muscles are strong. (Str +4, Int/Dex
                  | -1) [Jiyva's grace]
 33054 | Spider:3 | Gained mutation: Your muscles are strong. (Str +4, Int/Dex
                  | -1) [Jiyva's grace]
 33054 | Spider:3 | Gained mutation: Your muscles are very strong. (Str +8,
                  | Int/Dex -2) [Jiyva's grace]
 33054 | Spider:3 | Gained mutation: Armour fits poorly on your pseudopods.
                  | [Jiyva's grace]
 33054 | Spider:3 | Gained mutation: Armour fits poorly on your large
                  | pseudopods. [Jiyva's grace]
 33150 | Spider:3 | Noticed Doitsug's ghost (adept KoAr)
 33400 | Spider:4 | Entered Level 4 of the Spider Nest
 33419 | Spider:4 | Reached skill level 9 in Spellcasting
 33708 | Spider:4 | Reached skill level 10 in Earth Magic
 33717 | Spider:4 | Reached skill level 10 in Transmutations
 33832 | Spider:4 | Got a gossamer rune of Zot
 33842 | Spider:4 | Reached XP level 18. HP: 159/159 MP: 31/31
 33881 | Spider:4 | Reached skill level 10 in Spellcasting
 33884 | Spider:4 | Reached skill level 14 in Fighting
 34433 | Slime:1  | Entered Level 1 of the Pits of Slime
 34563 | Slime:5  | Entered Level 5 of the Pits of Slime
 34583 | Slime:5  | Found a viscous altar of Jiyva.
 34587 | Slime:5  | Noticed the Royal Jelly
 34594 | Slime:5  | Identified the ring "Lublelui" {Int+6 Slay+3}
 34597 | Slime:5  | Got the Textbook on Flashy Congelation
 34610 | Slime:5  | Found the amulet of Vitality {RegenMP++ Regen++}
 34617 | Slime:5  | Got Zestry's Precepts of Transformation and the Brume
 34619 | Slime:5  | Identified the ring "Giozehuuf" {rF+ rC+ Will+ Str+3
                  | Stlth-}
 34621 | Slime:5  | Identified the ring of Tomorrow {Ice Fly rN+ rCorr Str-4}
 34664 | Slime:5  | Got a slimy rune of Zot
 34685 | Slime:5  | Identified the +5 shortbow of Diet Blood {flame, rElec}
 34689 | Slime:5  | Identified the +6 longbow of Anxiety {freeze, *Corrode rC++
                  | Will- SInv}
 34705 | Slime:5  | Identified the +2 great sword "Qejuick" {heavy, Int+2}
 35235 | Elf:1    | Entered Level 1 of the Elven Halls
 35265 | Elf:1    | Reached XP level 19. HP: 167/167 MP: 28/33
 35429 | Elf:1    | Paralysed by an air elemental for 1 turns
 35518 | Elf:1    | Got the Discourse on Arcane Weapons
 35524 | Elf:1    | Noticed Louise
 35550 | Elf:1    | Killed Louise
 35681 | Elf:1    | Lost mutation: Your tail ends in a venomous barb. [Jiyva's
                  | grace]
 35681 | Elf:1    | Lost mutation: Your mind is very acute. (Int +8, Str/Dex
                  | -2) [Jiyva's grace]
 35681 | Elf:1    | Lost mutation: Your system is resistant to poisons. (rPois)
                  | [Jiyva's grace]
 35681 | Elf:1    | Lost mutation: Armour fits poorly on your large pseudopods.
                  | [Jiyva's grace]
 35681 | Elf:1    | Gained mutation: Your translucent skin slightly reduces
                  | your foes' accuracy. (Stealth+) [Jiyva's grace]
 35681 | Elf:1    | Gained mutation: Your translucent skin reduces your foes'
                  | accuracy. (Stealth+) [Jiyva's grace]
 35681 | Elf:1    | Gained mutation: Your transparent skin significantly
                  | reduces your foes' accuracy. (Stealth+) [Jiyva's grace]
 35681 | Elf:1    | Gained mutation: You have a small jelly attached to you
                  | that senses nearby items. [Jiyva's grace]
 36208 | Elf:2    | Found Liroat's Armour Shoppe.
 36265 | Elf:2    | Reached skill level 11 in Shields
 36550 | Elf:2    | Learned a level 5 spell: Irradiate
 36697 | Elf:2    | Reached skill level 15 in Fighting
 36759 | Elf:2    | Found a runed translucent gate.
 36775 | Elf:2    | Found a runed translucent gate.
 36775 | Elf:2    | Found a runed translucent gate.
 36842 | Elf:2    | Found a radiant altar of Vehumet.
 37052 | Elf:3    | Entered Level 3 of the Elven Halls
 37060 | Elf:3    | Identified the ring of Suicwe {Fly rPois}
 37197 | Elf:3    | Reached skill level 12 in Shields
 37282 | Elf:3    | Found a frozen archway.
 37291 | IceCv    | Entered an ice cave
 37320 | IceCv    | Lost mutation: Your mind is acute. (Int +4, Str/Dex -1)
                  | [Jiyva's grace]
 37320 | IceCv    | Lost mutation: Your muscles are very strong. (Str +8,
                  | Int/Dex -2) [Jiyva's grace]
 37320 | IceCv    | Lost mutation: Your transparent skin significantly reduces
                  | your foes' accuracy. (Stealth+) [Jiyva's grace]
 37320 | IceCv    | Lost mutation: You passively dampen the noise of your
                  | surroundings. [Jiyva's grace]
 37320 | IceCv    | Gained mutation: Your muscles are very strong. (Str +8,
                  | Int/Dex -2) [Jiyva's grace]
 37320 | IceCv    | Gained mutation: You have a pair of small horns on your
                  | head. [Jiyva's grace]
 37320 | IceCv    | Gained mutation: You have a pair of horns on your head.
                  | [Jiyva's grace]
 37320 | IceCv    | Gained mutation: You have a pair of large horns on your
                  | head. [Jiyva's grace]
 37389 | IceCv    | Reached skill level 19 in Summonings
 37758 | IceCv    | Reached skill level 16 in Fighting
 37773 | IceCv    | Got the Octavo of Hoarfrost
 37775 | IceCv    | Identified the +8 dagger of the Whelk {flame, rElec rCorr}
 38277 | Abyss:3  | Cast into level 3 of the Abyss (a deep elf sorcerer)
 38386 | Abyss:3  | Reached XP level 20. HP: 180/180 MP: 34/34
 38394 | Abyss:3  | Found a corrupted altar of Lugonu.
 38426 | Abyss:3  | Found a corrupted altar of Lugonu.
 38463 | Abyss:3  | Reached skill level 13 in Shields
 38485 | Abyss:3  | Noticed an ancient lich
 38498 | Abyss:3  | Killed an ancient lich
 38595 | Elf:3    | Escaped the Abyss
 39102 | Elf:3    | Identified the ring of Siul {rF+ MP+9 Int+6 Slay+3}
 39235 | Elf:3    | Reached skill level 20 in Summonings
 39318 | Elf:3    | Lost mutation: You have large cloven feet. [Jiyva's grace]
 39318 | Elf:3    | Lost mutation: Your flesh is very cold resistant. (rC++)
                  | [Jiyva's grace]
 39318 | Elf:3    | Lost mutation: Your pliable body absorbs attacks. (AC +2,
                  | EV +2) [Jiyva's grace]
 39318 | Elf:3    | Gained mutation: Your flesh is heat resistant. (rF+)
                  | [Jiyva's grace]
 39318 | Elf:3    | Gained mutation: Your flesh is very heat resistant. (rF++)
                  | [Jiyva's grace]
 39318 | Elf:3    | Gained mutation: Your flesh is almost immune to the effects
                  | of heat. (rF+++) [Jiyva's grace]
 39318 | Elf:3    | Gained mutation: You are robust. (+10% HP) [Jiyva's grace]
 39327 | Elf:3    | Reached skill level 14 in Shields
 39337 | Elf:3    | Got the Monograph on Movement and the Quake
 39711 | Vaults:1 | Entered Level 1 of the Vaults
 39723 | Vaults:1 | Found Plog's Jewellery Shop.
 39770 | Vaults:1 | Found a flickering gateway to a bazaar.
 39780 | Bazaar   | Entered a bazaar
 39784 | Bazaar   | Found Weuguil's Jewellery Boutique.
 39806 | Bazaar   | Found Viymasm's Antique Weapon Emporium.
 39827 | Bazaar   | Found Ovil's Book Boutique.
 39847 | Bazaar   | Found Giju's Antique Armour Shoppe.
 39874 | Bazaar   | Bought a pair of embroidered gloves for 225 gold pieces
 39905 | Bazaar   | Bought a smoking flail for 161 gold pieces
 39905 | Bazaar   | Identified the +0 flail of Inconvenience {flame, rPois rC-
                  | Int+6 Dex+2} (You bought it in a shop in a bazaar)
 39907 | Bazaar   | Bought a translucent rapier for 171 gold pieces
 39907 | Bazaar   | Identified the +5 rapier of a bazaar {flame, rC+ Stlth+}
                  | (You bought it in a shop in a bazaar)
 39908 | Bazaar   | Bought a crude spear for 152 gold pieces
 39908 | Bazaar   | Identified the +12 spear of the Damp God {drain, rPois rF+}
                  | (You bought it in a shop in a bazaar)
 39973 | Vaults:1 | Found Loil's Magic Scroll Shoppe.
 39973 | Vaults:1 | Found Cylid's Book Shoppe.
 40208 | Vaults:1 | Noticed Zenata
 40216 | Vaults:1 | Slimified Zenata
 40216 | Vaults:1 | Zenata changed into Zenata the acid blob
 40216 | Vaults:1 | Noticed Zenata
 40336 | Vaults:1 | Reached skill level 21 in Summonings
 40454 | Vaults:1 | Found Cyxeidgheo's Antique Weapon Boutique.
 40462 | Vaults:1 | Bought a smouldering falchion for 304 gold pieces
 40462 | Vaults:1 | Identified the +5 falchion "Irhof" {freeze, rF+ Int+3} (You
                  | bought it in a shop on level 1 of the Vaults)
 40463 | Vaults:1 | Bought a pitted short sword for 304 gold pieces
 40463 | Vaults:1 | Identified the +2 short sword of Kismet {heavy, Int+3} (You
                  | bought it in a shop on level 1 of the Vaults)
 40474 | Vaults:1 | Found Iwkafu's General Store.
 40482 | Vaults:1 | Bought a scroll of teleportation for 33 gold pieces
 40482 | Vaults:1 | Bought a scroll of silence for 104 gold pieces
 40742 | Vaults:1 | Found Dunam Kiu's Magic Scroll Shoppe.
 40749 | Vaults:1 | Bought a scroll of blinking for 97 gold pieces
 40749 | Vaults:1 | Bought a scroll of revelation for 97 gold pieces
 40749 | Vaults:1 | Bought a scroll of revelation for 97 gold pieces
 40757 | Vaults:1 | Bought a book of the Dragon for 690 gold pieces
 40770 | Vaults:1 | Bought a scroll of amnesia for 52 gold pieces
 40914 | Vaults:1 | Killed Zenata the acid blob
 40971 | Vaults:1 | Found Eqaereitu's Antique Weapon Emporium.
 41268 | Vaults:2 | Noticed a golden dragon
 41277 | Vaults:2 | Killed a golden dragon
 41380 | Vaults:2 | Reached skill level 11 in Spellcasting
 41451 | Vaults:2 | Reached XP level 21. HP: 206/206 MP: 31/36
 41462 | Vaults:2 | Learned a level 9 spell: Dragon's Call
 41584 | Vaults:2 | Lost mutation: Your muscles are very strong. (Str +8,
                  | Int/Dex -2) [Jiyva's grace]
 41584 | Vaults:2 | Lost mutation: You have a small jelly attached to you that
                  | senses nearby items. [Jiyva's grace]
 41584 | Vaults:2 | Gained mutation: Your tail ends in a venomous barb.
                  | [Jiyva's grace]
 41584 | Vaults:2 | Gained mutation: Your tail ends in a sharp venomous barb.
                  | [Jiyva's grace]
 41584 | Vaults:2 | Gained mutation: Your tail ends in a wickedly sharp and
                  | venomous barb. [Jiyva's grace]
 41584 | Vaults:2 | Gained mutation: Your system is resistant to poisons.
                  | (rPois) [Jiyva's grace]
 42077 | Vaults:3 | Identified the +0 plate armour "Gyxyc" {rElec rPois rC++
                  | Dex-4}
 42149 | Vaults:3 | Reached skill level 22 in Summonings
 42231 | Vaults:3 | Reached skill level 12 in Spellcasting
 42380 | Vaults:3 | Noticed Sojobo
 42386 | Vaults:3 | Killed Sojobo
 42479 | Vaults:3 | Reached skill level 13 in Spellcasting
 42826 | Vaults:3 | Found a staircase to the Crypt.
 42988 | Vaults:3 | Lost mutation: You have a pair of large horns on your head.
                  | [Jiyva's grace]
 42988 | Vaults:3 | Lost mutation: You have a pair of horns on your head.
                  | [Jiyva's grace]
 42988 | Vaults:3 | Lost mutation: Your tail ends in a wickedly sharp and
                  | venomous barb. [Jiyva's grace]
 42988 | Vaults:3 | Lost mutation: Your flesh is almost immune to the effects
                  | of heat. (rF+++) [Jiyva's grace]
 42988 | Vaults:3 | Lost mutation: Your muscles are strong. (Str +4, Int/Dex
                  | -1) [Jiyva's grace]
 42988 | Vaults:3 | Lost mutation: Armour fits poorly on your pseudopods.
                  | [Jiyva's grace]
 42988 | Vaults:3 | Gained mutation: Your mind is acute. (Int +4, Str/Dex -1)
                  | [Jiyva's grace]
 42988 | Vaults:3 | Gained mutation: Your mind is very acute. (Int +8, Str/Dex
                  | -2) [Jiyva's grace]
 42988 | Vaults:3 | Gained mutation: You are partially covered in large bone
                  | plates. (SH +4) [Jiyva's grace]
 42988 | Vaults:3 | Gained mutation: You are mostly covered in large bone
                  | plates. (SH +6) [Jiyva's grace]
 43450 | Vaults:4 | Identified the +10 long sword "Zoezobre" {heavy, rF++
                  | Str-3}
 44116 | Depths:1 | Entered Level 1 of the Depths
 44134 | Depths:1 | Found a gateway to Hell.
 44248 | Depths:1 | Found a one-way gate to the infinite horrors of the Abyss.
 44291 | Depths:1 | Reached skill level 17 in Fighting
 44293 | Depths:1 | Noticed a juggernaut
 44307 | Depths:1 | Killed a juggernaut
 44312 | Depths:1 | Reached skill level 14 in Spellcasting
 44324 | Depths:1 | Reached XP level 22. HP: 218/218 MP: 38/40
 44531 | Depths:1 | Found a one-way gateway to a ziggurat.
 44653 | Depths:1 | You fall into a shaft and drop 1 floor!
 44713 | Depths:2 | Lost mutation: You have a pair of small horns on your head.
                  | [Jiyva's grace]
 44713 | Depths:2 | Lost mutation: You have supernaturally acute eyesight.
                  | (SInv) [Jiyva's grace]
 44713 | Depths:2 | Lost mutation: Your flesh is very heat resistant. (rF++)
                  | [Jiyva's grace]
 44713 | Depths:2 | Lost mutation: Your rubbery body absorbs attacks. (AC +1,
                  | EV +1) [Jiyva's grace]
 44713 | Depths:2 | Gained mutation: Your body has grown eyes which may confuse
                  | attackers. (Acc +3) [Jiyva's grace]
 44713 | Depths:2 | Gained mutation: Your body has grown many eyes which may
                  | confuse attackers. (Acc +5) [Jiyva's grace]
 44713 | Depths:2 | Gained mutation: Your body is covered in eyes which may
                  | confuse attackers. (Acc +7, SInv) [Jiyva's grace]
 44713 | Depths:2 | Gained mutation: You possess an exceptional clarity of
                  | mind. [Jiyva's grace]
 44719 | Depths:2 | Found a one-way gate leading to the halls of Pandemonium.
 44756 | Depths:2 | Reached skill level 23 in Summonings
 44858 | Depths:2 | Reached skill level 18 in Fighting
 45088 | Depths:2 | Noticed a dread lich
 45092 | Depths:2 | Killed a dread lich
 45093 | Depths:2 | Reached skill level 15 in Spellcasting
 45204 | Depths:3 | Found a shimmering altar of Xom.
 45207 | Depths:3 | Found a shimmering altar of Xom.
 45217 | Depths:3 | Found a shimmering altar of Xom.
 45218 | Depths:3 | Found a shimmering altar of Xom.
 45219 | Depths:3 | Found a shimmering altar of Xom.
 45664 | Depths:3 | Found a white marble altar of Elyvilon.
 46139 | Depths:4 | Entered Level 4 of the Depths
 46160 | Depths:4 | Noticed a golden dragon
 46167 | Depths:4 | Killed a golden dragon
 46185 | Depths:4 | Reached skill level 16 in Spellcasting
 46204 | Depths:4 | Lost mutation: You are mostly covered in large bone plates.
                  | (SH +6) [Jiyva's grace]
 46204 | Depths:4 | Lost mutation: Your body is covered in eyes which may
                  | confuse attackers. (Acc +7, SInv) [Jiyva's grace]
 46204 | Depths:4 | Gained mutation: Your body is covered in eyes which may
                  | confuse attackers. (Acc +7, SInv) [Jiyva's grace]
 46204 | Depths:4 | Gained mutation: You are agile. (Dex +4, Str/Int -1)
                  | [Jiyva's grace]
 46204 | Depths:4 | Gained mutation: You are very agile. (Dex +8, Str/Int -2)
                  | [Jiyva's grace]
 46204 | Depths:4 | Gained mutation: You are covered in slimy tendrils that may
                  | disarm your opponents. [Jiyva's grace]
 46244 | Depths:4 | Reached XP level 23. HP: 229/229 MP: 34/43
 46245 | Depths:4 | Reached skill level 24 in Summonings
 46252 | Depths:4 | Noticed Boris
 46262 | Depths:4 | Killed Boris
 46356 | Depths:4 | Reached skill level 15 in Shields
 46360 | Depths:4 | Identified the ring "Ymomoih" {Ice rElec rN++ Will- Str+2}
 46360 | Depths:4 | Noticed Josephina
 46368 | Depths:4 | Killed Josephina
 46494 | Depths:4 | Noticed the Enchantress
 46513 | Depths:4 | Killed the Enchantress
 46566 | Depths:4 | Reached skill level 16 in Shields
 46588 | Depths:4 | Found a gate to the Realm of Zot.
 47191 | Vaults:5 | Entered Level 5 of the Vaults
 47229 | Vaults:5 | Reached skill level 17 in Shields
 47399 | Vaults:5 | Reached skill level 5 in Dodging
 47458 | Vaults:5 | Reached skill level 6 in Dodging
 47597 | Vaults:5 | Identified the ring of Cuaz {Fly Will+}
 47608 | Vaults:5 | Noticed an ancient lich
 47611 | Vaults:5 | Killed an ancient lich
 47714 | Vaults:5 | Reached XP level 24. HP: 237/237 MP: 42/43
 47743 | Vaults:5 | Got a silver rune of Zot
 47883 | Vaults:5 | Identified the staff of Nemelex Xobeh's Whim {rF+ rC+ Fire}
 47941 | Vaults:5 | Reached skill level 7 in Dodging
 48068 | Vaults:5 | Reached skill level 18 in Shields
 48083 | Vaults:5 | Reached skill level 17 in Spellcasting
 48318 | Vaults:5 | Noticed a dread lich
 48328 | Vaults:5 | Paralysed by a dread lich for 5 turns
 48329 | Vaults:5 | Killed a dread lich
 48689 | Depths:4 | Learned a level 2 spell: Passwall
 48697 | Depths:4 | Learned a level 7 spell: Malign Gateway
 48703 | Depths:4 | Learned a level 5 spell: Lee's Rapid Deconstruction
 48777 | Zot:1    | Entered Level 1 of the Realm of Zot
 49042 | Zot:1    | Reached skill level 18 in Spellcasting
 49276 | Zot:1    | Lost mutation: Your tail ends in a sharp venomous barb.
                  | [Jiyva's grace]
 49276 | Zot:1    | Lost mutation: You are partially covered in large bone
                  | plates. (SH +4) [Jiyva's grace]
 49276 | Zot:1    | Lost mutation: Your mind is very acute. (Int +8, Str/Dex
                  | -2) [Jiyva's grace]
 49276 | Zot:1    | Gained mutation: You have a pair of small antennae on your
                  | head. [Jiyva's grace]
 49276 | Zot:1    | Gained mutation: You have a pair of antennae on your head.
                  | [Jiyva's grace]
 49276 | Zot:1    | Gained mutation: You have a pair of large antennae on your
                  | head. (SInv) [Jiyva's grace]
 49276 | Zot:1    | Gained mutation: You have large cloven feet. [Jiyva's
                  | grace]
 49436 | Zot:1    | Reached skill level 8 in Dodging
 49460 | Zot:1    | Noticed a shard shrike
 49466 | Zot:1    | Killed a shard shrike
 49517 | Zot:1    | Reached skill level 19 in Fighting
 49517 | Zot:1    | Reached skill level 9 in Dodging
 50358 | Zot:2    | Reached skill level 10 in Dodging
 50425 | Zot:2    | Reached skill level 20 in Fighting
 50429 | Zot:2    | Reached XP level 25. HP: 254/254 MP: 45/45
 50512 | Zot:2    | Found a transporter.
 50554 | Zot:2    | Noticed an orb of fire
 50558 | Zot:2    | Noticed an orb of fire
 50566 | Zot:2    | Killed an orb of fire
 50568 | Zot:2    | Killed an orb of fire
 50569 | Zot:2    | Reached skill level 7 in Evocations
 50642 | Zot:2    | Found a transporter.
 51155 | Zot:4    | Reached skill level 8 in Evocations
 51179 | Zot:4    | Reached skill level 9 in Evocations
 51455 | Zot:4    | Reached skill level 10 in Evocations
 51513 | Zot:4    | Lost mutation: You have a pair of large antennae on your
                  | head. (SInv) [Jiyva's grace]
 51513 | Zot:4    | Lost mutation: Your tail ends in a venomous barb. [Jiyva's
                  | grace]
 51513 | Zot:4    | Lost mutation: You are robust. (+10% HP) [Jiyva's grace]
 51513 | Zot:4    | Lost mutation: Your body is covered in eyes which may
                  | confuse attackers. (Acc +7, SInv) [Jiyva's grace]
 51513 | Zot:4    | Gained mutation: You expend magic power (3 MP) to
                  | strengthen your wands. [Jiyva's grace]
 51513 | Zot:4    | Gained mutation: You have a small jelly attached to you
                  | that senses nearby items. [Jiyva's grace]
 51513 | Zot:4    | Gained mutation: You passively dampen the noise of your
                  | surroundings. [Jiyva's grace]
 51513 | Zot:4    | Gained mutation: Your tail ends in a venomous barb.
                  | [Jiyva's grace]
 51739 | Zot:5    | Entered Level 5 of the Realm of Zot
 52033 | Zot:5    | Noticed an ancient lich
 52035 | Zot:5    | Noticed an orb of fire
 52044 | Zot:5    | Killed an ancient lich
 52048 | Zot:5    | Killed an orb of fire
 52055 | Zot:5    | Noticed a Killer Klown
 52060 | Zot:5    | Killed a Killer Klown
 52060 | Zot:5    | Noticed a Killer Klown
 52064 | Zot:5    | Killed a Killer Klown
 52065 | Zot:5    | Noticed a dread lich
 52069 | Zot:5    | Noticed a Killer Klown
 52072 | Zot:5    | Killed a Killer Klown
 52075 | Zot:5    | Killed a dread lich
 52277 | Zot:5    | Reached skill level 21 in Fighting
 52570 | Zot:5    | Got the Orb of Zot
 52576 | Zot:5    | Noticed a Killer Klown
 52663 | Zot:2    | Reached skill level 19 in Spellcasting
 52867 | D:14     | You paid a toll of 7 potions of haste to enter a treasure
                  | trove
 52868 | Trove    | Entered a treasure trove
 52870 | Trove    | Identified the amulet of Xuawniq {Faith rPois rF+ Int+6
                  | Dex-3}
 52871 | Trove    | Identified the amulet of the Tick {Reflect Will- Int+5
                  | Slay+6 SH+5}
 52877 | Trove    | Identified the ring "Kukuiz" {rCorr Dex+6 Slay+2}
 52883 | Trove    | Identified the ring of Fiuluawi {*Slow rElec rN+ Int+4
                  | Dex+6}
 52886 | Trove    | Identified the ring of the Elephant {Dex+3 SInv}
 52891 | Trove    | Identified the ring of Checkmate {Fire rN+ Str-4 Dex+4
                  | SInv}
 52901 | Trove    | Identified the ring "Qycvuphi" {rN++ Int+6}
 53233 | D:$      | Escaped with the Orb!

Illustrated notes

Levels and vault maps discovered:
D:1:      minmay_arrival_solitary_statue, layout_rooms
D:2:      layout_basic
D:3:      layout_rooms, grunt_gozag_breadcrumbs, guppyfry_early_lair_pool,
          uniq_jessica
D:4:      layout_loops_ring, cheibriados_altar_1,
          lemuel_mausoleum_altar_yredelemnul
D:5:      layout_basic, roderic_batcave, minmay_checkerbox
D:6:      lemuel_ratsnest, layout_basic
D:7:      layout_rooms, temple_statues, minmay_misc_feat_tiny, uniq_maggie
D:8:      layout_cave_pods
D:9:      layout_gridville, nicolae_hepliaklqana_hippocampus, david_orc_3
D:10:     layout_roguey, lemuel_round_altar, nemelex_spade_bored_becter,
          grunt_lair_entry_orc_guard_hut, enter_bailey_2, uniq_joseph
D:11:     layout_cross, kennysheep_decorative_pillar,
          hellmonk_bongcloud_opening, chequers_serial_rivers_micro_c
D:12:     layout_stronghold
D:13:     layout_basic, david_vaults_5
D:14:     layout_loops_corners, enter_trove_0, nrook_mini_vaults
D:15:     grunt_enter_depths_magical_seal, layout_basic, good_gods_temple_1,
          tgw_fedhas, uniq_azrael
Temple:   lightli_temple_of_artemis
Lair:1:   beast_lair_carwin_large_3, layout_layer_cave, lemuel_fruit_tree
Lair:2:   layout_cave_shapes, basic_altar, pdpol_lair_cavern_descent,
          grunt_megastairs_4
Lair:3:   layout_regular_city, nicolae_swamp_entry_splash_gauntlet,
          hellmonk_spider_entry_not_the_bees, nicolae_lair_lakeside_cave
Lair:4:   layout_loops_ring
Lair:5:   evilmike_catoblepas_cave, layout_regular_city,
          minmay_slime_entry_jelly_boxes, grunt_megastairs_3,
          infiniplex_staircase_pool_2
Swamp:1:  layout_falls_marsh, nicolae_swamp_round_clearing,
          infiniplex_staircase_pool
Swamp:2:  layout_falls_marsh, nicolae_swamp_decorative_isthmus
Swamp:3:  layout_falls_marsh, evilmike_swamp_ruin_house_2, swamp_pool3,
          nicolae_swamp_alligator_family
Swamp:4:  swamp_old_school, layout_basic_swamp
Spider:1: layout_spider_delve, nicolae_spider_claw_tunnel
Spider:2: layout_spider_delve
Spider:3: cheibrodos_spider_silkery, gammafunk_ghost_berserking_beasts,
          nicolae_spider_nooks_and_crannies
Spider:4: grunt_spider_rune_parallel, drop_trap, hellmonk_test_site
Slime:1:  layout_caves
Slime:2:  layout_caves, nicolae_slime_welcoming_committee
Slime:3:  layout_caves
Slime:4:  layout_caves
Slime:5:  slime_pit_nicolae_trefoil
Orc:1:    layout_caves, serial_shops, nicolae_lakefront_shop
Orc:2:    grunt_orc_tribal_feast, layout_diamond_mine, uniq_jorgrun
Elf:1:    minmay_elf_arrival_plus, layout_loops_cross, minmay_elf_annihilation,
          uniq_louise
Elf:2:    nicolae_elf_blades_crystal_corner, layout_geoelf_octagon, basic_altar,
          serial_shops, nicolae_shop_peninsula
Elf:3:    minmay_elf_hall_dome, layout_loops_ring,
          portal_ice_cave_entry_frozen_things, moated_statue
Vaults:1: vaults_room_boxed, nicolae_vaults_tetromino_T_1,
          nicolae_vaults_oval_intersection, v_pattern_4, v_misc_2,
          hangedman_vaults_trim, nicolae_vaults_variable_pillar_hall_cross,
          hangedman_vaults_hard_town_square, v_misc_8, hangedman_vaults_slice,
          hangedman_vaults_stagger, vaults_dpeg_encased_lava,
          ontoclasm_vaults_twist, layout_vaults_omnibox, serial_shops,
          bzr_entry_customers, nicolae_shop_temple_entry_statues_fountains,
          shop, nicolae_shop_gaudy_bauble, shop, uniq_zenata
Vaults:2: vaults_room_pools, dpeg_vaults_waves, nicolae_vaults_wine_cellar,
          nicolae_vaults_hallways_thing, nicolae_vaults_cochlea,
          vaults_dpeg_cross, vaults_mumra_hex, nicolae_vaults_tetromino_L_2,
          hangedman_vaults_maws, nicolae_vaults_tetromino_T_2,
          hangedman_vaults_restitches, nicolae_vaults_diamond_2,
          vaults_room_pool, layout_vaults_big_room
Vaults:3: hangedman_vaults_maws, nicolae_vaults_lightning_bolt,
          minmay_crypt_entry_simple_box, nicolae_vaults_octagons,
          hangedman_vaults_stitches, v_misc_14,
          nicolae_vaults_trapezoid_lopsided_1, nicolae_vaults_closet_pinwheel_3,
          vaults_room_corners, vaults_mumra_lcd, vaults_room_corners,
          hangedman_vaults_cutoff, nicolae_vaults_trapezoid_lopsided_1,
          layout_vaults_ring, uniq_sojobo
Vaults:4: special_room_vaults [special_room_orc],
          nicolae_vaults_oval_intersection, nicolae_vaults_circle_grid_a,
          v_misc_8, ontoclasm_vaults_ligature, nicolae_vaults_trapezoid_layered,
          vaults_dpeg_hooks, nicolae_vaults_tetromino_Z_1, v_misc_24,
          vaults_room_stairs_pillars, nicolae_vaults_ring_of_whatevers,
          nicolae_vaults_angled_halls, ontoclasm_vaults_shuriken,
          hangedman_vaults_restitches, nicolae_vaults_offset_grid_hallway_2,
          layout_vaults_maze_bifur
Vaults:5: serial_shops
Depths:1: layout_basic, enter_ziggurat_d, abyss_entry,
          chequers_serial_rivers_micro_c, hangedman_tar_grid_catacomb,
          grunt_potential, infiniplex_staircase_pool_lava
Depths:2: hellmonk_paralyzer, layout_cave_pools, pan_entry, hell_entry,
          grunt_ministairs_14, eino_tiny_chamber
Depths:3: nicolae_cairo_tiling_large_dashed, layout_basic,
          hangedman_abyss_entry_splay, xom_redecorated, grunt_hell_entry_dis_mu,
          pan_entry, serial_bayou_ford_a, elyvilon_altar_5,
          infiniplex_staircase_diamond
Depths:4: grunt_zot_entry_alcove, layout_cave_pools, grunt_mini_vestibule,
          onia_ninara_cookie, uniq_boris, uniq_margery, uniq_enchantress,
          uniq_josephina
Zot:1:    layout_concentric_octagons, hangedman_zot_spectrum, grunt_megastairs_1
Zot:2:    layout_gridlike, nicolae_diode_stairs
Zot:3:    layout_twisted_circle
Zot:4:    layout_onion
Zot:5:    layout_misc_corridors

Skill      XL: |  1  2  3  4  5  6  7  8  9 10 11 12 13 14 15 16 17 18 19 20 21 22 23 24 25 |
---------------+----------------------------------------------------------------------------+-----
Stealth        | 1 2 |  2.0
Translocations | 1 3 |  3.0
Ice Magic      | 1 2 4 6 8 10 | 10.0
Fighting       | 3 4 5 6 8 10 12 13 14 16 17 18 20 21 | 21.4
Evocations     | 3 4 5 6 10 | 10.0
Conjurations   | 4 |  4.0
Staves         | 3 6 7 10 12 | 12.0
Shields        | 3 5 7 10 12 14 17 18 | 18.0
Dodging        | 4 6 10 | 10.0
Summonings     | 5 12 15 18 19 21 22 23 24 | 24.0
Spellcasting   | 7 9 10 11 14 16 18 19 | 19.1
Transmutations | 2 7 10 | 10.0
Earth Magic    | 3 7 10 | 10.0
Long Blades    | |  3.0

Action                     |  1- 3 |  4- 6 |  7- 9 | 10-12 | 13-15 | 16-18 | 19-21 | 22-24 | 25-27 || total
---------------------------+-------+-------+-------+-------+-------+-------+-------+-------+-------++-------
  Melee: Falchion          |   126 |    64 |       |       |       |       |       |       |       ||   190
         Tailslap          |    14 |    13 |    16 |    41 |   135 |    63 |    68 |    19 |     1 ||   370
         Staff             |       |    36 |   132 |   280 |   719 |   354 |   333 |       |       ||  1854
         Peck              |       |       |       |    42 |   194 |       |       |       |       ||   236
         Kick              |       |       |       |    12 |    49 |    39 |    87 |     1 |     3 ||   191
         Pseudopods        |       |       |       |       |    28 |    58 |    90 |       |       ||   176
         Headbutt          |       |       |       |       |       |       |    70 |     1 |       ||    71
         Flail             |       |       |       |       |       |       |    60 |    82 |     8 ||   150
  Throw: Stone             |     3 |       |       |       |       |       |       |       |       ||     3
         Dart              |       |       |     1 |       |       |       |       |       |       ||     1
   Cast: Kiss of Death     |     1 |     1 |       |     4 |     1 |       |       |       |       ||     7
         Momentum Strike   |    19 |    22 |    30 |     8 |       |       |       |       |       ||    79
         Hailstorm         |       |    20 |   117 |   209 |   219 |       |       |       |       ||   565
         Summon Ice Beast  |       |       |       |     4 |   107 |    17 |     5 |       |       ||   133
         Monstrous Menager |       |       |       |       |    63 |   172 |   236 |       |     3 ||   474
         Summon Mana Viper |       |       |       |       |     4 |    45 |    19 |       |       ||    68
         Statue Form       |       |       |       |       |       |    16 |    80 |    60 |    15 ||   171
         Irradiate         |       |       |       |       |       |       |    34 |    23 |     3 ||    60
         Dragon's Call     |       |       |       |       |       |       |    23 |    57 |    21 ||   101
         Summon Horrible T |       |       |       |       |       |       |       |     4 |     1 ||     5
         Malign Gateway    |       |       |       |       |       |       |       |     1 |     4 ||     5
 Invoke: Slimify           |       |       |       |       |     2 |       |     1 |       |       ||     3
         Oozemancy         |       |       |       |       |       |     1 |     6 |     3 |       ||    10
Ability: Breathe Frost     |       |       |     7 |    21 |    12 |     2 |       |     1 |       ||    43
         End Transformatio |       |       |       |       |       |       |       |       |     1 ||     1
  Evoke: Wand              |       |       |     2 |    17 |     8 |     4 |    14 |     1 |     4 ||    50
         Phial of floods   |       |       |       |       |     1 |       |     1 |       |       ||     2
         Condenser vane    |       |       |       |       |       |     2 |     1 |       |       ||     3
    Use: Scroll            |     3 |     4 |     1 |    10 |    15 |     8 |    10 |     2 |     4 ||    57
         Potion            |       |       |       |     9 |       |     5 |     5 |       |     4 ||    23
   Stab: Distracted        |       |       |       |       |     5 |     3 |     5 |     1 |     2 ||    16
         Confused          |       |       |       |       |     1 |     1 |     1 |     5 |       ||     8
         Paralysed         |       |       |       |       |     1 |     2 |     1 |       |       ||     4
         Sleeping          |       |       |       |       |     1 |     1 |     1 |       |       ||     3
 Armour: Skin              |    37 |    54 |    66 |   104 |   307 |   454 |   583 |   184 |    16 ||  1805
  Dodge: Dodged            |    86 |    82 |   129 |   133 |   316 |   361 |   595 |   202 |    26 ||  1930
  Block: Kite shield       |       |       |    16 |   190 |   334 |       |       |       |       ||   540
         Buckler           |       |       |       |       |    33 |   247 |   475 |   139 |       ||   894
         Tower shield      |       |       |       |       |       |       |       |   348 |    66 ||   414

Table legend: (Time is in decaauts)
 A = Elapsed time spent in this place.
 B = Non-inter-level travel time spent in this place.
 C = Inter-level travel time spent in this place.
 D = Time resting spent in this place.
 E = Time spent auto-exploring this place.
 F = Levels seen in this place.
 G = Mean time per level.
                   A        B        C        D        E       F      G
               +--------+--------+--------+--------+--------+-----+--------+
         Total |  56935 |  52210 |   4725 |   6204 |  30273 |  58 |  981.6 |
       Dungeon |  15588 |  13660 |   1928 |    712 |   9891 |  15 | 1039.2 |
        Temple |    140 |    140 |      0 |      0 |     75 |   1 |  140.0 |
          Lair |  10782 |  10114 |    668 |   2092 |   6396 |   5 | 2156.4 |
         Swamp |   2727 |   2508 |    219 |    135 |   1491 |   4 |  681.8 |
   Spider Nest |   3576 |   3392 |    184 |    183 |   1643 |   4 |  894.0 |
    Slime Pits |    569 |    463 |    106 |      0 |    328 |   5 |  113.8 |
  Orcish Mines |   1314 |   1186 |    128 |     38 |    780 |   2 |  657.0 |
   Elven Halls |   3599 |   3468 |    131 |    470 |   1405 |   3 | 1199.7 |
        Vaults |   6779 |   6193 |    586 |    230 |   3738 |   5 | 1355.8 |
        Depths |   3737 |   3416 |    321 |    156 |   1978 |   4 |  934.2 |
           Zot |   4717 |   4267 |    450 |   1091 |   1709 |   5 |  943.4 |
         Abyss |    408 |    408 |      0 |     25 |      0 |   1 |  408.0 |
        Bazaar |    197 |    197 |      0 |      0 |     78 |   1 |  197.0 |
         Trove |     55 |     55 |      0 |      0 |      0 |   1 |   55.0 |
        Bailey |   1694 |   1694 |      0 |   1069 |    292 |   1 | 1694.0 |
      Ice Cave |   1046 |   1046 |      0 |      0 |    467 |   1 | 1046.0 |
               +--------+--------+--------+--------+--------+-----+--------+

Top non-repeatable levels by time:
  Lair:2: 2886 daAuts
  Lair:3: 2755 daAuts
  Lair:1: 2122 daAuts
  Lair:5: 1831 daAuts
     D:9: 1781 daAuts
  Bailey: 1694 daAuts
   Zot:1: 1687 daAuts
     D:4: 1532 daAuts
     D:6: 1526 daAuts
Vaults:5: 1513 daAuts
Vaults:1: 1497 daAuts
Vaults:3: 1400 daAuts
   Elf:3: 1385 daAuts
   Zot:2: 1298 daAuts
Vaults:2: 1247 daAuts
